TOP OF THE 1ST |
Appleton Foxes batting - Pitching for Quad Cities Angels : LHP Ernie Ramirez
|
Pitching: LHP Ernie Ramirez
|
|
Batting: SHB Matt Gallegos
|
0-0: Called Strike 0-1: Foul Ball, location: 2F 0-2: Ball 1-2: Foul Ball, location: 2F 1-2: Ball 2-2: Ball 3-2: Ground out 6-3 (Groundball, 6, EV 87.5 MPH)
|
Batting: RHB Philip Sutton
|
0-0: Fly out, F9 (Line Drive, 9, EV 103.1 MPH)
|
Batting: RHB Douglas Lulay
|
0-0: Ball 1-0: Hit by Pitch
|
Batting: RHB Jack Upton
|
0-0: Ball 1-0: Ground out 4-3 (Groundball, 4S, EV 91.9 MPH)
|
Top of the 1st over - 0 runs, 0 hits, 0 errors, 1 left on base; Appleton 0 - Quad Cities 0 |
BOTTOM OF THE 1ST |
Quad Cities Angels batting - Pitching for Appleton Foxes : RHP Danny Ortiz
|
Pitching: RHP Danny Ortiz
|
|
Batting: RHB Rolando Roomes
|
0-0: Called Strike 0-1: Ball 1-1: Swinging Strike 1-2: Ball 2-2: Fly out, F9 (Flyball, 9, EV 88.1 MPH)
|
Batting: RHB Oscar Mejia
|
0-0: Ball 1-0: Foul Ball, location: 2F 1-1: Ground out 6-3 (Groundball, 56D, EV 88.1 MPH)
|
Batting: RHB Dionisio DeJesus
|
0-0: Fly out, F3 (Popup, 23F, EV 81.9 MPH)
|
Bottom of the 1st over - 0 runs, 0 hits, 0 errors, 0 left on base; Appleton 0 - Quad Cities 0 |
TOP OF THE 2ND |
Appleton Foxes batting - Pitching for Quad Cities Angels : LHP Ernie Ramirez
|
Batting: RHB Victor Mata
|
0-0: Ground out 6-3 (Groundball, 6, EV 83.8 MPH)
|
Batting: LHB John Csefalvay
|
0-0: Foul Ball, location: 2F 0-1: Ball 1-1: Fly out, F7 (Flyball, 78M, EV 90.6 MPH)
|
Batting: RHB Robert Gilles
|
0-0: Called Strike 0-1: Ball 1-1: Foul Ball, location: 2F 1-2: SINGLE (Line Drive, 9LS, EV 111.9 MPH)
|
Batting: RHB Stan Holmes
|
0-0: Called Strike 0-1: Ball 1-1: Ball 2-1: Called Strike 2-2: Ball 3-2: Base on Balls Robert Gilles to second
|
Batting: RHB Peter Rowe
|
0-0: Foul Ball, location: 2F 0-1: Foul Ball, location: 2F 0-2: Ball 1-2: Fielders Choice at 2nd, 6-4 (Groundball, 6, EV 90.6 MPH)
|
Top of the 2nd over - 0 runs, 1 hit, 0 errors, 2 left on base; Appleton 0 - Quad Cities 0 |
BOTTOM OF THE 2ND |
Quad Cities Angels batting - Pitching for Appleton Foxes : RHP Danny Ortiz
|
Batting: LHB Bob Helsom
|
0-0: Ball 1-0: Ball 2-0: Called Strike 2-1: Swinging Strike 2-2: Ground out U3 (Groundball, 3S, EV 88.8 MPH)
|
Batting: RHB Stewart Bringhurst
|
0-0: Swinging Strike 0-1: Ball 1-1: Swinging Strike 1-2: Ball 2-2: Strikes out swinging
|
Batting: LHB Chuck Sandberg
|
0-0: Called Strike 0-1: Swinging Strike 0-2: Ball 1-2: Ball 2-2: SOLO HOME RUN (Line Drive, 89XD, EV 103.1 MPH), Distance : 409 ft
|
Batting: RHB Greg Griffin
|
0-0: SINGLE (Groundball, 6S, EV 65.6 MPH) (infield hit)
|
Batting: RHB Carlos Rios
|
0-0: Ball 1-0: Called Strike 1-1: Ball 2-1: Fly out, F8 (Flyball, 8LD, EV 74.4 MPH)
|
Bottom of the 2nd over - 1 run, 2 hits, 0 errors, 1 left on base; Appleton 0 - Quad Cities 1 |
TOP OF THE 3RD |
Appleton Foxes batting - Pitching for Quad Cities Angels : LHP Ernie Ramirez
|
Batting: SHB Matt Gallegos
|
0-0: Foul Ball, location: 2F 0-1: Ground out 6-3 (Groundball, 6, EV 103.8 MPH)
|
Batting: RHB Philip Sutton
|
0-0: Ball 1-0: Foul Ball, location: 2F 1-1: Foul Ball, location: 2F 1-2: SINGLE (Line Drive, 89S, EV 92.5 MPH)
|
Batting: RHB Douglas Lulay
|
0-0: Swinging Strike 0-1: Ball 1-1: Ball 2-1: Foul Ball, location: 2F 2-2: Grounds into double play, 6-4-3 (Groundball, 6, EV 102.5 MPH)
|
Top of the 3rd over - 0 runs, 1 hit, 0 errors, 0 left on base; Appleton 0 - Quad Cities 1 |
BOTTOM OF THE 3RD |
Quad Cities Angels batting - Pitching for Appleton Foxes : RHP Danny Ortiz
|
Batting: RHB Lance Ediger
|
0-0: Foul Ball, location: 2F 0-1: Swinging Strike 0-2: Ball 1-2: Foul Ball, location: 2F 1-2: Ball 2-2: Strikes out looking
|
Batting: RHB Rolando Roomes
|
0-0: Ball 1-0: Fly out, F9 (Flyball, 89M, EV 91.3 MPH)
|
Batting: RHB Oscar Mejia
|
0-0: Ball 1-0: Swinging Strike 1-1: Ball 2-1: Called Strike 2-2: Ball 3-2: Foul Ball, location: 2F 3-2: Base on Balls
|
Batting: RHB Dionisio DeJesus
|
0-0: Ball 1-0: SINGLE (Groundball, 6M, EV 101.3 MPH) (infield hit) Oscar Mejia to second
|
Batting: LHB Bob Helsom
|
0-0: Ball 1-0: Swinging Strike 1-1: Ball 2-1: Swinging Strike 2-2: Ball 3-2: Base on Balls Oscar Mejia to third Dionisio DeJesus to second
|
Batting: RHB Stewart Bringhurst
|
0-0: Called Strike 0-1: Ball 1-1: Called Strike 1-2: Ball 2-2: Foul Ball, location: 2F 2-2: Foul Ball, location: 2F 2-2: Strikes out looking
|
Bottom of the 3rd over - 0 runs, 1 hit, 0 errors, 3 left on base; Appleton 0 - Quad Cities 1 |
TOP OF THE 4TH |
Appleton Foxes batting - Pitching for Quad Cities Angels : LHP Ernie Ramirez
|
Batting: RHB Jack Upton
|
0-0: Called Strike 0-1: Ball 1-1: Ball 2-1: Foul Ball, location: 2F 2-2: Fly out, F8 (Flyball, 8RXD, EV 90.0 MPH)
|
Batting: RHB Victor Mata
|
0-0: Called Strike 0-1: Ball 1-1: Called Strike 1-2: Ball 2-2: Strikes out looking
|
Batting: LHB John Csefalvay
|
0-0: Ball 1-0: Ball 2-0: Called Strike 2-1: Called Strike 2-2: Strikes out swinging
|
Top of the 4th over - 0 runs, 0 hits, 0 errors, 0 left on base; Appleton 0 - Quad Cities 1 |
BOTTOM OF THE 4TH |
Quad Cities Angels batting - Pitching for Appleton Foxes : RHP Danny Ortiz
|
Batting: LHB Chuck Sandberg
|
0-0: SINGLE (Flyball, 4D, EV 87.5 MPH)
|
Batting: RHB Greg Griffin
|
0-0: Called Strike 0-1: Foul Ball, location: 2F 0-2: Strikes out swinging
|
Batting: RHB Carlos Rios
|
0-0: Ball 1-0: Ball 2-0: Ball 3-0: Called Strike 3-1: Base on Balls Chuck Sandberg to second
|
Batting: RHB Lance Ediger
|
0-0: Ball Wild Pitch! Chuck Sandberg to third Carlos Rios to second 1-0: Ball 2-0: Ball 3-0: Base on Balls
|
Batting: RHB Rolando Roomes
|
0-0: Ball 1-0: Ball 2-0: Ball 3-0: Called Strike 3-1: Base on Balls Chuck Sandberg scores Carlos Rios to third Lance Ediger to second
|
Batting: RHB Oscar Mejia
|
0-0: Ball 1-0: Called Strike 1-1: Called Strike 1-2: Foul Ball, location: 2F 1-2: SINGLE (Line Drive, 8LM, EV 90.6 MPH) Carlos Rios scores Lance Ediger to third Rolando Roomes to second
|
Batting: RHB Dionisio DeJesus
|
0-0: Grounds into double play, 4-6-3 (Groundball, 34, EV 81.3 MPH)
|
Bottom of the 4th over - 2 runs, 2 hits, 0 errors, 2 left on base; Appleton 0 - Quad Cities 3 |
TOP OF THE 5TH |
Appleton Foxes batting - Pitching for Quad Cities Angels : LHP Ernie Ramirez
|
Batting: RHB Robert Gilles
|
0-0: Ball 1-0: Reached on error, E5 (Groundball, 56, EV 79.4 MPH)
|
Batting: RHB Stan Holmes
|
0-0: Called Strike 0-1: Called Strike 0-2: Strikes out swinging
|
Batting: RHB Peter Rowe
|
0-0: Fly out, F8 (Flyball, 89M, EV 87.5 MPH)
|
Batting: SHB Matt Gallegos
|
0-0: Ball 1-0: Called Strike 1-1: Ball 2-1: Ball 3-1: Base on Balls Robert Gilles to second
|
Batting: RHB Philip Sutton
|
0-0: Called Strike 0-1: Ball 1-1: Foul Ball, location: 2F 1-2: Foul Ball, location: 2F 1-2: SINGLE (Groundball, 6S, EV 70.0 MPH) (infield hit) Robert Gilles to third Matt Gallegos to second
|
Batting: RHB Douglas Lulay
|
0-0: Called Strike 0-1: Ball 1-1: Ball 2-1: Ball 3-1: Fly out, F2 (Popup, 3SF, EV 89.4 MPH)
|
Top of the 5th over - 0 runs, 1 hit, 1 error, 3 left on base; Appleton 0 - Quad Cities 3 |
BOTTOM OF THE 5TH |
Quad Cities Angels batting - Pitching for Appleton Foxes : RHP Danny Ortiz
|
Batting: LHB Bob Helsom
|
0-0: Ball 1-0: Ball 2-0: Ball 3-0: Base on Balls
|
Batting: RHB Stewart Bringhurst
|
0-0: Called Strike 0-1: Swinging Strike 0-2: Strikes out swinging
|
Batting: LHB Chuck Sandberg
|
0-0: Foul Ball, location: 2F 0-1: Called Strike 0-2: Ball 1-2: Ball 2-2: Foul Ball, location: 2F 2-2: Foul Ball, location: 2F 2-2: Ball 3-2: Base on Balls Bob Helsom to second
|
Batting: RHB Greg Griffin
|
0-0: SINGLE (Groundball, 4MD, EV 98.8 MPH) Bob Helsom to third Chuck Sandberg to second Runner from 3rd tries for Home, SAFE, throw by CF to home
|
Batting: RHB Carlos Rios
|
0-0: Foul Ball, location: 2F 0-1: Grounds into double play, 4-6-3 (Groundball, 4M, EV 102.5 MPH)
|
Bottom of the 5th over - 1 run, 1 hit, 0 errors, 1 left on base; Appleton 0 - Quad Cities 4 |
TOP OF THE 6TH |
Appleton Foxes batting - Pitching for Quad Cities Angels : LHP Ernie Ramirez
|
Batting: RHB Jack Upton
|
0-0: Foul Ball, location: 2F 0-1: Fly out, F8 (Flyball, 89S, EV 85.0 MPH)
|
Batting: RHB Victor Mata
|
0-0: Ball 1-0: Called Strike 1-1: Ground out 4-3 (Groundball, 4, EV 91.9 MPH)
|
Batting: LHB John Csefalvay
|
0-0: Ball 1-0: Foul Ball, location: 2F 1-1: Foul Ball, location: 2F 1-2: Ball 2-2: Reached on error, E4 (Groundball, 4, EV 102.5 MPH)
|
Batting: RHB Robert Gilles
|
0-0: Foul Ball, location: 2F 0-1: SINGLE (Groundball, 56D, EV 105.6 MPH) John Csefalvay to second
|
Batting: RHB Stan Holmes
|
0-0: Ball 1-0: Ground out 1-3 (Groundball, 15, EV 71.9 MPH)
|
Top of the 6th over - 0 runs, 1 hit, 1 error, 2 left on base; Appleton 0 - Quad Cities 4 |
BOTTOM OF THE 6TH |
Quad Cities Angels batting - Pitching for Appleton Foxes : RHP Danny Ortiz
|
Batting: RHB Lance Ediger
|
0-0: Ball 1-0: Swinging Strike 1-1: Called Strike 1-2: Ball 2-2: Ground out U3 (Groundball, 3, EV 83.1 MPH)
|
Batting: RHB Rolando Roomes
|
0-0: DOUBLE (Flyball, 8RXD, EV 110.6 MPH)
|
Batting: RHB Oscar Mejia
|
0-0: Called Strike 0-1: Fly out, F9 (Flyball, 9LS, EV 89.4 MPH)
|
Batting: RHB Dionisio DeJesus
|
0-0: Fly out, F9 (Line Drive, 9, EV 95.6 MPH)
|
Bottom of the 6th over - 0 runs, 1 hit, 0 errors, 1 left on base; Appleton 0 - Quad Cities 4 |
TOP OF THE 7TH |
Appleton Foxes batting - Pitching for Quad Cities Angels : LHP Ernie Ramirez
|
Batting: RHB Peter Rowe
|
0-0: Called Strike 0-1: Ball 1-1: Ground out 6-3 (Groundball, 6, EV 92.5 MPH)
|
Batting: SHB Matt Gallegos
|
0-0: Ball 1-0: Called Strike 1-1: Foul Ball, location: 2F 1-2: Ball 2-2: Ball 3-2: Reached on error, E3 (Groundball, 3L, EV 101.9 MPH)
|
Batting: RHB Philip Sutton
|
0-0: Ball 1-0: Fly out, F9 (Flyball, 89S, EV 86.3 MPH)
|
Batting: RHB Douglas Lulay
|
0-0: Called Strike Matt Gallegos is caught stealing 2nd base 2-4
|
Top of the 7th over - 0 runs, 0 hits, 1 error, 0 left on base; Appleton 0 - Quad Cities 4 |
BOTTOM OF THE 7TH |
Quad Cities Angels batting - Pitching for Appleton Foxes : RHP Danny Ortiz
|
Batting: LHB Bob Helsom
|
0-0: Ground out 4-3 (Groundball, 4, EV 101.3 MPH)
|
Batting: RHB Stewart Bringhurst
|
0-0: Called Strike 0-1: Ball 1-1: Foul Ball, location: 2F 1-2: Ball 2-2: Strikes out swinging
|
Batting: LHB Chuck Sandberg
|
0-0: Called Strike 0-1: Swinging Strike 0-2: Ball 1-2: Fly out, F8 (Flyball, 8RD, EV 87.5 MPH)
|
Bottom of the 7th over - 0 runs, 0 hits, 0 errors, 0 left on base; Appleton 0 - Quad Cities 4 |
TOP OF THE 8TH |
Appleton Foxes batting - Pitching for Quad Cities Angels : LHP Ernie Ramirez
|
Batting: RHB Douglas Lulay
|
0-0: Ball 1-0: Ball 2-0: Called Strike 2-1: Fly out, F9 (Flyball, 89M, EV 83.1 MPH)
|
Batting: RHB Jack Upton
|
0-0: Ball 1-0: Ball 2-0: Ball 3-0: Base on Balls
|
Batting: RHB Victor Mata
|
0-0: Ball 1-0: Ball 2-0: Swinging Strike 2-1: SINGLE (Flyball, 56D, EV 85.0 MPH) Jack Upton to second
|
Batting: LHB John Csefalvay
|
0-0: Ball 1-0: Called Strike 1-1: Foul Ball, location: 2F 1-2: Foul Ball, location: 2F 1-2: Fly out, F8 (Flyball, 89XD, EV 109.4 MPH) Runner from 2nd tags up, SAFE at 3rd, no throw by CF
|
Batting: RHB Robert Gilles
|
0-0: Ball 1-0: Fielders Choice at 2nd, 6-4 (Groundball, 6, EV 83.1 MPH)
|
Top of the 8th over - 0 runs, 1 hit, 0 errors, 2 left on base; Appleton 0 - Quad Cities 4 |
BOTTOM OF THE 8TH |
Quad Cities Angels batting - Pitching for Appleton Foxes : RHP Danny Ortiz
|
Batting: RHB Greg Griffin
|
0-0: Ball 1-0: Ball 2-0: Ball 3-0: Base on Balls
|
Batting: RHB Carlos Rios
|
0-0: Sac Bunt to 13S - play at first, batter OUT! 1-3 Greg Griffin to second
|
Batting: RHB Lance Ediger
|
0-0: Ball 1-0: Ball 2-0: Swinging Strike 2-1: Ground out 4-3 (Groundball, 4S, EV 91.9 MPH) Greg Griffin to third
|
Batting: RHB Rolando Roomes
|
0-0: Called Strike 0-1: Fly out, F3 (Line Drive, 3, EV 70.0 MPH)
|
Bottom of the 8th over - 0 runs, 0 hits, 0 errors, 1 left on base; Appleton 0 - Quad Cities 4 |
TOP OF THE 9TH |
Appleton Foxes batting - Pitching for Quad Cities Angels : LHP Ernie Ramirez
|
Batting: RHB Stan Holmes
|
0-0: Ball 1-0: SINGLE (Groundball, 56D, EV 98.1 MPH)
|
Batting: RHB Peter Rowe
|
0-0: Called Strike 0-1: Ball 1-1: Foul Ball, location: 2F 1-2: 2-RUN HOME RUN (Flyball, 7D, EV 102.5 MPH), Distance : 379 ft
|
Pitching: RHP Charles Belk
|
|
Batting: SHB Matt Gallegos
|
0-0: Ball 1-0: Foul Ball, location: 2F 1-1: Ball 2-1: Foul Ball, location: 2F 2-2: Foul Ball, location: 2F 2-2: Fly out, F9 (Line Drive, 9, EV 109.4 MPH)
|
Batting: RHB Philip Sutton
|
0-0: Called Strike 0-1: Ball 1-1: Ball 2-1: Fly out, F9 (Line Drive, 89M, EV 94.4 MPH)
|
Batting: RHB Douglas Lulay
|
0-0: Ball 1-0: Ball 2-0: Foul Ball, location: 2F 2-1: Ball 3-1: Fly out, F4 (Line Drive, 4, EV 66.9 MPH)
|
Top of the 9th over - 2 runs, 2 hits, 0 errors, 0 left on base; Appleton 2 - Quad Cities 4 |
|